3AA
ATLANTIC CITY SONICS @ VIRGINIA BEACH DEUCES
05/06/2026
 
TOP OF THE 1ST
Atlantic City Sonics batting - Pitching for Virginia Beach Deuces : RHP Cisco Ortíz
Pitching: RHP Cisco Ortíz
Batting: LHB José Rodríguez 0-0: SINGLE (Line Drive, 4MD)
Batting: SHB Sam Quint 0-0: Called Strike
0-1: Ball
1-1: Ball
2-1: Foul Ball, location: 2F
2-2: Strikes out swinging
Batting: LHB Manoo Satyavrat 0-0: Ball
1-0: Ball
2-0: Ball
Passed Ball!
José Rodríguez to second
3-0: Called Strike
3-1: Foul Ball, location: 2F
3-2: Base on Balls
Batting: LHB Russ Hanneman 0-0: Ball
1-0: Ball
2-0: Swinging Strike
2-1: Swinging Strike
2-2: Strikes out swinging
Batting: RHB Kent Summey 0-0: Swinging Strike
0-1: Foul Ball, location: 2F
0-2: Ball
1-2: Foul Ball, location: 2F
1-2: Strikes out swinging
Top of the 1st over - 0 run(s), 1 hit(s), 0 error(s), 2 left on base; Atlantic City 0 - Virginia Beach 0
BOTTOM OF THE 1ST
Virginia Beach Deuces batting - Pitching for Atlantic City Sonics : RHP António Rodríguez
Pitching: RHP António Rodríguez
Batting: SHB Luis Manuel Flores 0-0: Ball
1-0: Called Strike
1-1: Swinging Strike
1-2: SINGLE (Line Drive, 89S)
Batting: SHB Vincente Ybarra 0-0: Foul Ball, location: 2F
0-1: Called Strike
0-2: Ball
1-2: Foul Ball, location: 2F
1-2: Ball
Balk!
Luis Manuel Flores to second
2-2: Ball
3-2: Ground out 3-1 (Groundball, 34)
Luis Manuel Flores to third
Batting: SHB Carlos Pérez 0-0: Fly out, F7 (Line Drive, 78D)
Runner from 3rd tags up, SCORES, no throw
Batting: SHB Juan Perales 0-0: Called Strike
0-1: Ball
1-1: Ball
2-1: Called Strike
2-2: Ball
3-2: Strikes out swinging
Bottom of the 1st over - 1 run(s), 1 hit(s), 0 error(s), 0 left on base; Atlantic City 0 - Virginia Beach 1
TOP OF THE 2ND
Atlantic City Sonics batting - Pitching for Virginia Beach Deuces : RHP Cisco Ortíz
Batting: RHB Gianpaolo Monachino 0-0: Ball
1-0: Swinging Strike
1-1: Fly out, F7 (Flyball, 78M)
Batting: RHB Julián García 0-0: Called Strike
0-1: Ball
1-1: Ball
2-1: Foul Ball, location: 2F
2-2: Ball
3-2: DOUBLE (Flyball, 8LD)
Batting: RHB Senior Pond 0-0: Ball
1-0: Called Strike
1-1: Foul Ball, location: 2F
1-2: Strikes out swinging
Batting: RHB Cristián Alfonso 0-0: Foul Ball, location: 2F
0-1: Ball
1-1: Fly out, F9 (Flyball, 89M)
Top of the 2nd over - 0 run(s), 1 hit(s), 0 error(s), 1 left on base; Atlantic City 0 - Virginia Beach 1
BOTTOM OF THE 2ND
Virginia Beach Deuces batting - Pitching for Atlantic City Sonics : RHP António Rodríguez
Batting: RHB Juan González 0-0: Ball
1-0: Ball
2-0: Foul Ball, location: 2F
2-1: Swinging Strike
2-2: Reached on error, E7 (Flyball, 7)
Batting: LHB Jaime Aguilar 0-0: Called Strike
0-1: Called Strike
0-2: Ball
1-2: Ball
2-2: SINGLE (Line Drive, 34)
Juan González to second
Runner from 2nd tries for 3rd, SAFE, throw made to third
Jaime Aguilar to second
Batting: RHB Victor Housel 0-0: Called Strike
0-1: Called Strike
0-2: Ball
1-2: Strikes out swinging
Batting: RHB Stephen McManus 0-0: Ground out 3-1 (Groundball, 34S)
Juan González scores
Jaime Aguilar to third
Batting: RHB James Hill 0-0: Ball
1-0: Foul Ball, location: 2F
1-1: Ground out 4-3 (Groundball, 4)
Bottom of the 2nd over - 1 run(s), 1 hit(s), 1 error(s), 1 left on base; Atlantic City 0 - Virginia Beach 2
TOP OF THE 3RD
Atlantic City Sonics batting - Pitching for Virginia Beach Deuces : RHP Cisco Ortíz
Batting: LHB José Rodríguez 0-0: Ball
1-0: Foul Ball, location: 2F
1-1: Swinging Strike
1-2: Ball
2-2: Ball
3-2: Fly out, F9 (Line Drive, 89M)
Batting: SHB Sam Quint 0-0: Ball
1-0: Fly out, F8 (Flyball, 78S)
Batting: LHB Manoo Satyavrat 0-0: Ball
1-0: Called Strike
1-1: Foul Ball, location: 2F
1-2: Fly out, F4 (Line Drive, 4)
Top of the 3rd over - 0 run(s), 0 hit(s), 0 error(s), 0 left on base; Atlantic City 0 - Virginia Beach 2
BOTTOM OF THE 3RD
Virginia Beach Deuces batting - Pitching for Atlantic City Sonics : RHP António Rodríguez
Batting: SHB Luis Manuel Flores 0-0: Called Strike
0-1: Ball
1-1: Ball
2-1: Ground out 3-1 (Groundball, 34)
Batting: SHB Vincente Ybarra 0-0: Ball
1-0: Called Strike
1-1: Foul Ball, location: 2F
1-2: Ball
2-2: SINGLE (Line Drive, 7S)
Batting: SHB Carlos Pérez 0-0: Grounds into double play, 6-4-3 (Groundball, 6)
Bottom of the 3rd over - 0 run(s), 1 hit(s), 0 error(s), 0 left on base; Atlantic City 0 - Virginia Beach 2
TOP OF THE 4TH
Atlantic City Sonics batting - Pitching for Virginia Beach Deuces : RHP Cisco Ortíz
Batting: LHB Russ Hanneman 0-0: Called Strike
0-1: Called Strike
0-2: Ball
1-2: Ball
2-2: Strikes out swinging
Batting: RHB Kent Summey 0-0: Ball
1-0: Fly out, F9 (Flyball, 9)
Batting: RHB Gianpaolo Monachino 0-0: Ball
1-0: Ball
2-0: Called Strike
2-1: Foul Ball, location: 2F
2-2: Ball
3-2: Foul Ball, location: 2F
3-2: Fly out, F9 (Flyball, 89M)
Top of the 4th over - 0 run(s), 0 hit(s), 0 error(s), 0 left on base; Atlantic City 0 - Virginia Beach 2
BOTTOM OF THE 4TH
Virginia Beach Deuces batting - Pitching for Atlantic City Sonics : RHP António Rodríguez
Batting: SHB Juan Perales 0-0: Ball
1-0: Fly out, F7 (Flyball, 7S)
Batting: RHB Juan González 0-0: Called Strike
0-1: SINGLE (Groundball, 6MD)
Batting: LHB Jaime Aguilar 0-0: Called Strike
0-1: Fly out, F7 (Flyball, 7S)
Batting: RHB Victor Housel 0-0: SINGLE (Groundball, 6) (infield hit)
Juan González to second
Batting: RHB Stephen McManus 0-0: Foul Ball, location: 2F
0-1: Ball
1-1: Ball
2-1: Foul Ball, location: 2F
2-2: Foul Ball, location: 2F
2-2: Foul Ball, location: 2F
2-2: Foul Ball, location: 2F
2-2: Ball
3-2: Foul Ball, location: 2F
3-2: Base on Balls
Juan González to third
Victor Housel to second
Batting: RHB James Hill 0-0: Foul Ball, location: 2F
0-1: Ball
1-1: Ball
2-1: Foul Ball, location: 2F
2-2: Strikes out swinging
Bottom of the 4th over - 0 run(s), 2 hit(s), 0 error(s), 3 left on base; Atlantic City 0 - Virginia Beach 2
TOP OF THE 5TH
Atlantic City Sonics batting - Pitching for Virginia Beach Deuces : RHP Cisco Ortíz
Batting: RHB Julián García 0-0: Called Strike
0-1: Ball
1-1: Swinging Strike
1-2: Fly out, F5 (Popup, 5D)
Batting: RHB Senior Pond 0-0: Foul Ball, location: 2F
0-1: Ground out 6-3 (Groundball, 6)
Batting: RHB Cristián Alfonso 0-0: Called Strike
0-1: Ball
1-1: Foul Ball, location: 2F
1-2: Strikes out swinging
Top of the 5th over - 0 run(s), 0 hit(s), 0 error(s), 0 left on base; Atlantic City 0 - Virginia Beach 2
BOTTOM OF THE 5TH
Virginia Beach Deuces batting - Pitching for Atlantic City Sonics : RHP António Rodríguez
Batting: SHB Luis Manuel Flores 0-0: Called Strike
0-1: Swinging Strike
0-2: Ball
1-2: Ball
2-2: Foul Ball, location: 2F
2-2: Ball
3-2: Strikes out swinging
Batting: SHB Vincente Ybarra 0-0: Ground out 4-3 (Groundball, 4)
Batting: SHB Carlos Pérez 0-0: Ball
1-0: SINGLE (Line Drive, 6)
Batting: SHB Juan Perales 0-0: Ball
1-0: Ball
2-0: Called Strike
2-1: Foul Ball, location: 2F
2-2: Foul Ball, location: 2F
2-2: Foul Ball, location: 2F
2-2: Ball
3-2: Strikes out swinging
Bottom of the 5th over - 0 run(s), 1 hit(s), 0 error(s), 1 left on base; Atlantic City 0 - Virginia Beach 2
TOP OF THE 6TH
Atlantic City Sonics batting - Pitching for Virginia Beach Deuces : RHP Cisco Ortíz
Batting: LHB José Rodríguez 0-0: Called Strike
0-1: Ground out 4-3 (Groundball, 4)
Batting: SHB Sam Quint 0-0: Ground out 5-3 (Groundball, 5)
Batting: LHB Manoo Satyavrat 0-0: Called Strike
0-1: Foul Ball, location: 2F
0-2: Foul Ball, location: 2F
0-2: Ground out 6-3 (Groundball, 6)
Top of the 6th over - 0 run(s), 0 hit(s), 0 error(s), 0 left on base; Atlantic City 0 - Virginia Beach 2
BOTTOM OF THE 6TH
Virginia Beach Deuces batting - Pitching for Atlantic City Sonics : RHP António Rodríguez
Batting: RHB Juan González 0-0: Ball
1-0: Swinging Strike
1-1: Ball
2-1: Ball
3-1: Fly out, F6 (Popup, 56D)
Batting: LHB Jaime Aguilar 0-0: Ball
1-0: Ground out 1-3 (Groundball, 15S)
Batting: RHB Victor Housel 0-0: Ball
1-0: Fly out, F8 (Flyball, 8LM)
Bottom of the 6th over - 0 run(s), 0 hit(s), 0 error(s), 0 left on base; Atlantic City 0 - Virginia Beach 2
TOP OF THE 7TH
Atlantic City Sonics batting - Pitching for Virginia Beach Deuces : RHP Cisco Ortíz
Batting: LHB Russ Hanneman 0-0: Ball
1-0: Fly out, F6 (Line Drive, 6)
Batting: RHB Kent Summey 0-0: Called Strike
0-1: Ball
1-1: Ball
2-1: Ground out 4-3 (Groundball, 4)
Batting: RHB Gianpaolo Monachino 0-0: Ground out 5-3 (Groundball, 56S)
Top of the 7th over - 0 run(s), 0 hit(s), 0 error(s), 0 left on base; Atlantic City 0 - Virginia Beach 2
BOTTOM OF THE 7TH
Virginia Beach Deuces batting - Pitching for Atlantic City Sonics : RHP António Rodríguez
Batting: RHB Stephen McManus 0-0: Called Strike
0-1: Swinging Strike
0-2: Foul Ball, location: 2F
0-2: Foul Ball, location: 2F
0-2: Ground out 5-3 (Groundball, 56)
Batting: RHB James Hill 0-0: Ball
1-0: Fly out, F9 (Flyball, 89S)
Batting: SHB Luis Manuel Flores 0-0: Called Strike
0-1: Foul Ball, location: 2F
0-2: Foul Ball, location: 2F
0-2: Ball
1-2: Foul Ball, location: 2F
1-2: Foul Ball, location: 2F
1-2: Ball
2-2: Ground out 6-3 (Groundball, 56)
Bottom of the 7th over - 0 run(s), 0 hit(s), 0 error(s), 0 left on base; Atlantic City 0 - Virginia Beach 2
TOP OF THE 8TH
Atlantic City Sonics batting - Pitching for Virginia Beach Deuces : RHP Cisco Ortíz
Batting: RHB Julián García 0-0: Called Strike
0-1: Ball
1-1: Ball
2-1: Swinging Strike
2-2: Ball
3-2: Foul Ball, location: 2F
3-2: Base on Balls
Batting: RHB Senior Pond 0-0: Ground out 5-3 (Groundball, 25)
Julián García to second
Batting: RHB Cristián Alfonso 0-0: Foul Ball, location: 2F
0-1: Ball
1-1: Ground out 4-3 (Groundball, 4)
Julián García to third
Batting: LHB José Rodríguez 0-0: Ball
1-0: Called Strike
1-1: Foul Ball, location: 2F
1-2: Ball
2-2: Fly out, F8 (Flyball, 8RD)
Top of the 8th over - 0 run(s), 0 hit(s), 0 error(s), 1 left on base; Atlantic City 0 - Virginia Beach 2
BOTTOM OF THE 8TH
Virginia Beach Deuces batting - Pitching for Atlantic City Sonics : RHP António Rodríguez
Pitching: LHP Brian Brewer
Batting: SHB Vincente Ybarra 0-0: Ball
1-0: Called Strike
1-1: Foul Ball, location: 2F
1-2: Strikes out looking
Batting: SHB Carlos Pérez 0-0: Called Strike
0-1: Ball
1-1: Fly out, F9 (Flyball, 9S)
Batting: SHB Juan Perales 0-0: Ball
1-0: Ball
2-0: Ball
3-0: Base on Balls
Batting: RHB Juan González 0-0: Ball
1-0: Ball
2-0: SINGLE (Line Drive, 78M)
Juan Perales to second
Pinch Hitting: RHB Luis Jelarde 0-0: Ball
1-0: Swinging Strike
1-1: Ball
2-1: Fielders Choice at 2nd, 5-4 (Groundball, 56)
Bottom of the 8th over - 0 run(s), 1 hit(s), 0 error(s), 1 left on base; Atlantic City 0 - Virginia Beach 2
TOP OF THE 9TH
Atlantic City Sonics batting - Pitching for Virginia Beach Deuces : RHP Cisco Ortíz
Pitching: LHP Aurelio Ornelas
Now at 1B: Júlio Becerra
Batting: SHB Sam Quint 0-0: Ball
1-0: Ground out 5-3 (Groundball, 56)
Batting: LHB Manoo Satyavrat 0-0: Called Strike
0-1: Swinging Strike
0-2: Foul Ball, location: 2F
0-2: Ball
1-2: Ball
2-2: Strikes out swinging
Batting: LHB Russ Hanneman 0-0: Ball
1-0: Fly out, F8 (Line Drive, 8RD)
Top of the 9th over - 0 run(s), 0 hit(s), 0 error(s), 0 left on base; Atlantic City 0 - Virginia Beach 2
Monday, March 20th, 2017 - OOTP Baseball 17.12 Build 75